 Dungeon Crawl Stone Soup version 0.19.1 (webtiles) character file.

49 stigmas the Insei (level 3, -1/26 HPs)
             Began as a Demonspawn Transmuter on Nov 25, 2016.
             Slain by a goblin
             ... wielding a +2 dagger of electrocution
              (14 damage)
             ... on level 2 of the Dungeon.
             The game lasted 00:04:12 (1465 turns).

stigmas the Insei (Demonspawn Transmuter)           Turns: 1465, Time: 00:04:13

Health: -1/26      AC:  8    Str: 10    XL:     3   Next: 53%
Magic:  0/6        EV:  6    Int: 18    God:
Gold:   63         SH:  0    Dex: 13    Spells: 1 memorised, 5 levels left

rFire  . . .     SeeInvis .       - Unarmed
rCold  . . .     Gourm    .     h - +0 chain mail
rNeg   . . .     Faith    .     (no shield)
rPois  .         Spirit   +     (no helmet)
rElec  .         Reflect  .     (no cloak)
rCorr  .         Harm     .     (no gloves)
MR     .....                    (no boots)
Stlth  ..........               i - amulet of rage
                                (no ring)
                                q - +3 ring of intelligence

@: no status effects
A: repulsion field 1, magic shield
a: Evoke Berserk Rage


You were on level 2 of the Dungeon.
You were not hungry.

You visited 1 branch of the dungeon, and saw 2 of its levels.

You collected 63 gold pieces.

Inventory:

Missiles
 a - 79 arrows
Armour
 b - a +0 robe
 h - a +0 chain mail (worn)
Jewellery
 i - an amulet of rage (around neck)
 l - an uncursed amulet of faith
 q - a +3 ring of intelligence (left hand)
Scrolls
 f - a scroll of amnesia {unknown}
 g - 3 scrolls of blinking {unknown}
 j - a scroll of noise {unknown}
 n - a scroll of teleportation {unknown}
 p - a scroll of random uselessness {unknown}
Potions
 e - a potion of flight {unknown}
 m - a potion of brilliance {unknown}
 o - a potion of curing {unknown}
Books
 c - a book of Changes

   Spells                             Type                      Level
   a - Beastly Appendage              Transmutation                1
   b - Sticks to Snakes               Transmutation                2
   c - Spider Form                    Transmutation/Poison         3
   d - Ice Form                       Ice/Transmutation            4
   e - Blade Hands                    Transmutation                5
Comestibles
 d - 2 bread rations
 k - a meat ration


   Skills:
 * Level 1.5 Fighting
 + Level 0.3 Armour
 + Level 2.2 Dodging
 * Level 3.4 Unarmed Combat
 + Level 2.2 Spellcasting
 + Level 1.8 Transmutations


You had 5 spell levels left.
You knew the following spells:

 Your Spells              Type           Power        Failure   Level  Hunger
a - Beastly Appendage     Tmut           #.....       100%        1    #......


Dungeon Overview and Level Annotations

Branches:
Dungeon (2/15)

Altars:
Ru


Innate Abilities, Weirdness & Mutations

You are surrounded by a mild repulsion field. (EV +2)
When hurt, damage is shared between your health and your magic reserves.


Message History

The goblin is heavily wounded.
The bat hits you. The goblin hits you but does no damage.
You barely miss the goblin.
The goblin is heavily wounded.
The bat hits you.
The goblin hits you with a dagger of electrocution.
The bat hits you but does no damage.
You hit the goblin.
The goblin is severely wounded.
The bat hits you but does no damage. The goblin hits you but does no damage.
You completely miss the goblin.
The goblin is severely wounded.
The bat hits you but does no damage. x2
The goblin hits you with a dagger of electrocution.
Your chain mail prevents you from hitting the goblin.
The goblin is severely wounded.
The bat hits you but does no damage. x2
The goblin hits you but does no damage.
You are electrocuted!
Ouch! That really hurt!
You die...

#....####
##### #.##.#
.....###.##...
#.....#####.
###....# ..
#..#..# .
#####$###..#
#.....# #...
#.@..## ##.#
#.gb.# .#
#....# #....#
.....<..
###.###### ..#
#.## ..


You could see a goblin and a bat.

Vanquished Creatures
  An adder (D:2)
  2 dart slugs (D:1)
  4 giant cockroaches
  3 goblins
  3 hobgoblins (D:1)
  5 jackals (D:1)
  3 bats
  3 frilled lizards
  5 kobolds
  6 rats (D:1)
35 creatures vanquished.

Notes
Turn   | Place    | Note
-------+----------+-------------------------------------------
     0 | D:1      | stigmas the Demonspawn Transmuter began the quest for the Orb.
     0 | D:1      | Reached XP level 1. HP: 15/15 MP: 3/3
   259 | D:1      | Gained mutation: You are surrounded by a mild repulsion field. (EV +2) [demonic ancestry]
   259 | D:1      | Reached XP level 2. HP: 10/21 MP: 5/5
   371 | D:1      | Reached skill level 3 in Unarmed Combat
   935 | D:1      | Gained mutation: When hurt, damage is shared between your health and your magic reserves. [demonic ancestry]
   935 | D:1      | Reached XP level 3. HP: 19/26 MP: 6/6
  1401 | D:2      | Found a sacrificial altar of Ru.
  1465 | D:2      | Slain by a goblin

Skill      XL: |  1  2 |
---------------+-------+-----
Dodging        | 2 |  2.2
Unarmed Combat | 3 |  3.4
Fighting       | |  1.5
Armour         | |  0.3
Spellcasting   | |  2.2
Transmutations | |  1.8

Action                   || total
-------------------------++-------
Melee: Unarmed           ||   181
       Punch             ||     2
 Abil: Evoke Berserk Rag ||     1
  Eat: Chunk             ||     3
Armor: Chain mail        ||   138
       Robe              ||    12
Dodge: Dodged            ||    79
